Jets vs Kings
Created - May 6, 2021 at 19:08
Goals
|
Jets |
0 |
2 |
1 |
3 |
Kings |
0 |
1 |
4 |
5 |
|
Shots
|
Jets |
12 |
7 |
12 |
31 |
Kings |
11 |
6 |
11 |
28 |
|
1st period
No Goal
Penalties :
Tyler Myers (Win) for Holding (Minor) at 18:41
2nd period
1. Jets , Derek Stepan 33 (Nino Niederreiter 49, Marcus Johansson 37) at 8:53
2. Jets , Corey Perry 22 (Adam Henrique 43, Ryan Johansen 51) at 17:33
3. Kings , David Pastrnak 26 (Anze Kopitar 60, Tyler Toffoli 43) at 17:41
Penalties :
Michael Matheson (Win) for Hooking (Minor) at 2:45, Anze Kopitar (LAK) for Hooking (Minor) at 9:21, Miro Aaltonen (Win) for Interference (Minor) at 12:33, Seth Jones (LAK) for High sticking (Double Minor) at 18:27
3rd period
4. Kings , David Pastrnak 27 (Anze Kopitar 61, Oliver Ekman-Larsson 29) at 4:08
5. Kings , Seth Jones 6 (Oliver Ekman-Larsson 30, Cal Petersen) at 6:15 (PP)
6. Jets , Derek Stepan 34 (Marcus Johansson 38, Nino Niederreiter 50) at 7:39
7. Kings , Benoit Pouliot 18 (Drew Fata 25, Sean Monahan 20) at 8:50
8. Kings , Anze Kopitar 44 (Gabriel Landeskog 39, Mats Zuccarello 25) at 19:31 (Empty Net)
Penalties :
Tyler Myers (Win) for High sticking (Minor) at 5:39, Erik Haula (Win) for Hooking (Minor) at 19:54
Goalie Stats
Jacob Markstrom (Win), 23 saves from 27 shots - (0.852), L, 22-26-5, 59:16 minutes
Cal Petersen (LAK), 28 saves from 31 shots - (0.903), W, 1-0-0, 60:00 minutes
Players Stats for Jets
Player Name G A P +/- PIM S H SB GA TA FO MP PP MP PK MP
------------------------------------------------------------------------------------
Adam Henrique 0 1 1 -1 0 2 0 1 1 0 0/0 16:40 3:20 0:00
Corey Perry 1 0 1 0 0 3 1 1 0 1 0/1 15:47 3:17 0:00
Derek Stepan 2 0 2 0 0 6 1 1 0 0 16/37 20:04 3:20 0:00
Dougie Hamilton 0 0 0 0 0 1 2 2 0 0 0/0 20:28 3:28 0:00
Erik Haula 0 0 0 0 2 0 0 1 0 0 0/0 14:32 0:00 4:02
Jimmy Vesey 0 0 0 0 0 1 0 0 0 0 0/0 10:24 0:03 0:00
Josh Bailey 0 0 0 0 0 1 0 0 0 0 0/0 6:49 0:00 0:00
Marco Scandella 0 0 0 0 0 0 0 0 0 0 0/0 21:40 2:30 2:23
Marcus Johansson 0 2 2 0 0 2 1 0 0 0 1/2 20:03 2:38 0:41
Michael Matheson 0 0 0 0 2 0 1 0 0 0 0/0 13:03 0:00 2:09
Miro Aaltonen 0 0 0 0 2 4 3 0 1 0 2/7 10:15 0:00 0:00
Nino Niederreiter 0 2 2 -1 0 4 2 1 0 0 0/0 21:40 2:38 1:41
Noel Acciari 0 0 0 0 0 1 3 0 0 0 4/8 10:57 0:00 3:45
Robert Hagg 0 0 0 0 0 0 1 0 0 1 0/0 15:10 0:00 4:15
Ronalds Kenins 0 0 0 0 0 2 1 0 0 0 0/0 8:07 0:00 1:18
Ryan Johansen 0 1 1 -1 0 4 2 1 0 1 6/12 17:43 2:38 1:49
Tyler Myers 0 0 0 -1 4 0 3 0 1 0 0/0 23:46 2:30 2:06
Victor Hedman 0 0 0 -1 0 0 2 3 0 1 0/0 26:09 3:28 2:23
Players Stats for Kings
Player Name G A P +/- PIM S H SB GA TA FO MP PP MP PK MP
------------------------------------------------------------------------------------
Anze Kopitar 1 2 3 2 2 4 1 1 1 0 15/27 20:13 3:14 1:13
Benoit Pouliot 1 0 1 -1 0 3 4 1 0 0 2/6 16:03 0:00 3:21
Bokondji Imama 0 0 0 0 0 0 2 0 0 0 0/0 6:04 0:00 0:00
Colton Parayko 0 0 0 2 0 2 1 1 1 1 0/0 25:45 2:21 3:28
David Pastrnak 2 0 2 1 0 2 1 0 0 0 2/3 18:23 3:14 0:00
Drew Fata 0 1 1 1 0 1 3 2 0 0 0/0 19:47 0:00 0:00
Eric Gryba 0 0 0 0 0 1 1 1 0 0 0/0 10:12 0:00 2:30
Gabriel Landeskog 0 1 1 1 0 1 1 0 0 0 1/1 19:12 3:24 2:20
Jeff Petry 0 0 0 0 0 1 0 0 0 0 3/3 8:35 0:00 2:30
Kyle Okposo 0 0 0 0 0 0 3 0 0 0 0/0 16:14 3:24 0:00
Mats Zuccarello 0 1 1 0 0 1 1 0 0 0 0/1 16:30 0:00 3:09
Nathan MacKinnon 0 0 0 0 0 1 1 0 0 1 9/12 16:14 3:24 0:00
Oliver Ekman-Larsson 0 2 2 0 0 1 4 0 0 0 0/0 28:14 4:17 3:28
Sean Monahan 0 1 1 -1 0 3 0 0 0 0 6/14 13:08 0:00 0:26
Seth Jones 1 0 1 -1 4 4 2 1 2 1 0/0 23:50 4:17 0:00
Steve Bernier 0 0 0 0 0 1 0 1 0 0 0/0 6:04 0:00 0:00
Tyler Toffoli 0 1 1 1 0 2 2 0 0 0 0/0 19:51 3:14 1:27
Vitaly Vishnevsky 0 0 0 0 0 0 0 0 0 0 0/0 9:41 2:21 0:00
3 Stars
1 - David Pastrnak (LAK)
2 - Anze Kopitar (LAK)
3 - Derek Stepan (Win)
Power Play
Jets - 0 on 3 Attempt(s) - 0.00%
Kings - 1 on 5 Attempt(s) - 20.00%
Penalty Kill
Jets - 4 on 5 Attempt(s) - 80.00%
- Score 0 goal in Penalty Kill
Kings - 3 on 3 Attempt(s) - 100.00%
- Score 0 goal in Penalty Kill
Team Stat
Jets - Hits : 23 - Faceoff Wins : 29 - Blocked Shots : 11 - Penalty Minutes : 10
Kings - Hits : 27 - Faceoff Wins : 38 - Blocked Shots : 8 - Penalty Minutes : 6
Official
Referees : Unknown
Linesman : Unknown
Game Notes
Anze Kopitar has scored in a empty net!
Finance
Level 1 -- Attendance: 5140 (85.67%) -- Ticket Income $514,000
Level 2 -- Attendance: 4968 (99.36%) -- Ticket Income $298,080
Level 3 -- Attendance: 2000 (100.00%) -- Ticket Income $60,000
Level 4 -- Attendance: 3960 (99.00%) -- Ticket Income $79,200
Luxury Box -- Attendance: 968 (96.80%) -- Ticket Income $169,400
Game was played at the Staples Center.
Total Attendance: 17036 (94.64%)
Total Ticket Income: $1,120,680
Other Income: $168,102
Total Income: $1,288,782
Jets
5 vs 5 Forward
Center Left Wing Right Wing Time % Phy DF OF
1 Derek Stepan Marcus Johansson Nino Niederreiter 40 1 2 2
2 Ryan Johansen Adam Henrique Corey Perry 30 0 2 3
3 Miro Aaltonen Erik Haula Jimmy Vesey 20 1 2 2
4 Noel Acciari Ronalds Kenins Josh Bailey 10 1 2 2
5 vs 5 Defense
Defense Defense Time % Phy DF OF
1 Tyler Myers Victor Hedman 40 0 3 2
2 Marco Scandella Dougie Hamilton 35 0 2 3
3 Michael Matheson Robert Hagg 25 1 2 2
4 Tyler Myers Victor Hedman 0 1 1 3
PowerPlay Forward
Center Left Wing Right Wing Time % Phy DF OF
1 Derek Stepan Adam Henrique Corey Perry 55 0 0 5
2 Ryan Johansen Marcus Johansson Nino Niederreiter 45 0 0 5
PowerPlay Defense
Defense Defense Time % Phy DF OF
1 Victor Hedman Dougie Hamilton 60 0 1 4
2 Tyler Myers Marco Scandella 40 0 1 4
Penalty Kill 4 Players Forward
Center Wing Time % Phy DF OF
1 Noel Acciari Erik Haula 60 1 3 1
2 Ryan Johansen Nino Niederreiter 40 1 3 1
Penalty Kill 4 Players Defense
Defense Defense Time % Phy DF OF
1 Tyler Myers Robert Hagg 60 1 4 0
2 Marco Scandella Victor Hedman 40 1 4 0
Penalty Kill - 3 Players Forward
Forward Time % Phy DF OF
1 Erik Haula 60 1 2 2
2 Nino Niederreiter 40 1 2 2
Penalty Kill - 3 Players Defense
Defense Defense Time % Phy DF OF
1 Tyler Myers Robert Hagg 60 1 2 2
2 Marco Scandella Victor Hedman 40 1 2 2
4 vs 4 Forward
Center Wing Time % Phy DF OF
1 Ryan Johansen Marcus Johansson 60 0 1 4
2 Derek Stepan Nino Niederreiter 40 0 1 4
4 vs 4 Defense
Defense Defense Time % Phy DF OF
1 Tyler Myers Dougie Hamilton 60 0 2 3
2 Victor Hedman Marco Scandella 40 0 2 3
Last Minutes Offensive
Center Left Wing Right Wing Defense Defense
Ryan Johansen Adam Henrique Nino Niederreiter Tyler Myers Victor Hedman
Last Minutes Defensive
Center Left Wing Right Wing Defense Defense
Derek Stepan Erik Haula Nino Niederreiter Tyler Myers Marco Scandella
Goaltenders
Starting : Jacob Markstrom
Backup : Jonathan Bernier
Extra Forwards
Normal : Derek Stepan, Ryan Johansen, Marcus Johansson - PP : Jimmy Vesey, Miro Aaltonen - PK : Ronalds Kenins
Extra Defensemen
Normal : Victor Hedman, Marco Scandella, Tyler Myers - PP : Tyler Myers - PK : Michael Matheson, Dougie Hamilton
Penalty Shots
Corey Perry, Ryan Johansen, Miro Aaltonen, Marcus Johansson, Erik Haula
Scratches
None
Kings
5 vs 5 Forward
Center Left Wing Right Wing Time % Phy DF OF
1 Anze Kopitar Tyler Toffoli David Pastrnak 35 1 2 2
2 Nathan MacKinnon Gabriel Landeskog Kyle Okposo 30 1 2 2
3 Sean Monahan Benoit Pouliot Mats Zuccarello 30 1 2 2
4 Jeff Petry Bokondji Imama Steve Bernier 5 1 2 2
5 vs 5 Defense
Defense Defense Time % Phy DF OF
1 Oliver Ekman-Larsson Seth Jones 40 1 2 2
2 Colton Parayko Drew Fata 40 1 2 2
3 Vitaly Vishnevsky Eric Gryba 10 1 2 2
4 Oliver Ekman-Larsson Colton Parayko 10 1 2 2
PowerPlay Forward
Center Left Wing Right Wing Time % Phy DF OF
1 Anze Kopitar Tyler Toffoli David Pastrnak 50 1 2 2
2 Nathan MacKinnon Gabriel Landeskog Kyle Okposo 50 1 2 2
PowerPlay Defense
Defense Defense Time % Phy DF OF
1 Seth Jones Oliver Ekman-Larsson 60 1 2 2
2 Colton Parayko Vitaly Vishnevsky 40 1 2 2
Penalty Kill 4 Players Forward
Center Wing Time % Phy DF OF
1 Benoit Pouliot Mats Zuccarello 60 1 2 2
2 Anze Kopitar Gabriel Landeskog 40 1 2 2
Penalty Kill 4 Players Defense
Defense Defense Time % Phy DF OF
1 Oliver Ekman-Larsson Colton Parayko 60 1 2 2
2 Eric Gryba Jeff Petry 40 1 2 2
Penalty Kill - 3 Players Forward
Forward Time % Phy DF OF
1 Gabriel Landeskog 60 1 2 2
2 Anze Kopitar 40 1 2 2
Penalty Kill - 3 Players Defense
Defense Defense Time % Phy DF OF
1 Oliver Ekman-Larsson Colton Parayko 60 1 2 2
2 Eric Gryba Jeff Petry 40 1 2 2
4 vs 4 Forward
Center Wing Time % Phy DF OF
1 Anze Kopitar Tyler Toffoli 60 1 2 2
2 Gabriel Landeskog Kyle Okposo 40 1 2 2
4 vs 4 Defense
Defense Defense Time % Phy DF OF
1 Seth Jones Oliver Ekman-Larsson 60 1 2 2
2 Colton Parayko Drew Fata 40 1 2 2
Last Minutes Offensive
Center Left Wing Right Wing Defense Defense
Anze Kopitar Tyler Toffoli David Pastrnak Oliver Ekman-Larsson Seth Jones
Last Minutes Defensive
Center Left Wing Right Wing Defense Defense
Anze Kopitar Gabriel Landeskog Mats Zuccarello Colton Parayko Oliver Ekman-Larsson
Goaltenders
Starting : Cal Petersen
Backup : Martin Jones
Extra Forwards
Normal : Anze Kopitar, Sean Monahan, Nathan MacKinnon - PP : Sean Monahan, Benoit Pouliot - PK : Tyler Toffoli
Extra Defensemen
Normal : Seth Jones, Colton Parayko, Oliver Ekman-Larsson - PP : Drew Fata - PK : Seth Jones, Vitaly Vishnevsky
Penalty Shots
Anze Kopitar, Benoit Pouliot, David Pastrnak, Sean Monahan, Mats Zuccarello
Scratches
Eric Nystrom (Healthy), Tuukka Rask (Healthy)
% Time on Ice - Jets
Lines # - Real PCT - Wanted PCT - Time Play
Normal Forward
1 - 37% - 40% - 17:07
2 - 27% - 30% - 12:35
3 - 22% - 20% - 10:12
4 - 15% - 10% - 6:49
Normal Defense
1 - 41% - 40% - 19:07
2 - 36% - 35% - 16:47
3 - 23% - 25% - 10:49
4 - 0% - 0% - 0:00
PP Forward
1 - 56% - 55% - 3:20
2 - 44% - 45% - 2:38
PP Defense
1 - 58% - 60% - 3:28
2 - 42% - 40% - 2:30
PK Forward
1 - 75% - 60% - 4:57
2 - 25% - 40% - 1:41
PK Defense
1 - 64% - 60% - 4:15
2 - 36% - 40% - 2:23
PK3 Forward
1 - 0% - 60%
2 - 0% - 40%
PK3 Defense
1 - 0% - 60%
2 - 0% - 40%
44 Forward
1 - 0% - 60%
2 - 0% - 40%
44 Defense
1 - 0% - 60%
2 - 0% - 40%
Last Minute Offensive - 0:41
Last Minute Defensive - 0:00
Total
Forward - 60:00
Defense - 60:00
|
% Time on Ice - Kings
Lines # - Real PCT - Wanted PCT - Time Play
Normal Forward
1 - 32% - 35% - 15:10
2 - 27% - 30% - 12:50
3 - 27% - 30% - 12:42
4 - 13% - 5% - 6:04
Normal Defense
1 - 41% - 40% - 19:05
2 - 40% - 40% - 18:50
3 - 16% - 10% - 7:41
4 - 2% - 10% - 1:10
PP Forward
1 - 49% - 50% - 3:14
2 - 51% - 50% - 3:24
PP Defense
1 - 65% - 60% - 4:17
2 - 35% - 40% - 2:21
PK Forward
1 - 74% - 60% - 4:25
2 - 26% - 40% - 1:33
PK Defense
1 - 58% - 60% - 3:28
2 - 42% - 40% - 2:30
PK3 Forward
1 - 0% - 60%
2 - 0% - 40%
PK3 Defense
1 - 0% - 60%
2 - 0% - 40%
44 Forward
1 - 0% - 60%
2 - 0% - 40%
44 Defense
1 - 0% - 60%
2 - 0% - 40%
Last Minute Offensive - 0:00
Last Minute Defensive - 0:38
Total
Forward - 60:00
Defense - 60:00
|
Play-by-Play
1st period
0:01 of 1st period - Anze Kopitar wins face-off versus Derek Stepan in neutral zone.
0:04 of 1st period - Nino Niederreiter is hit by Oliver Ekman-Larsson and loses puck.
1:54 of 1st period - Tyler Myers is hit by Benoit Pouliot and loses puck.
2:37 of 1st period - Slapshot by Josh Bailey.
2:37 of 1st period - Shot Misses the Net.
3:05 of 1st period - Snap shot by Derek Stepan.
3:05 of 1st period - Shot Misses the Net.
4:07 of 1st period - Wrist shot by Nino Niederreiter.
4:07 of 1st period - Stopped by Cal Petersen with a rebound.
4:13 of 1st period - Marco Scandella is hit by Seth Jones and loses puck.
4:43 of 1st period - Wrist shot by Adam Henrique.
4:43 of 1st period - Shot Misses the Net.
4:47 of 1st period - Snap shot by Adam Henrique.
4:47 of 1st period - Stopped by Cal Petersen without a rebound.
4:48 of 1st period - Anze Kopitar wins face-off versus Derek Stepan in Kings zone.
4:53 of 1st period - Nino Niederreiter is hit by Oliver Ekman-Larsson and loses puck.
5:14 of 1st period - Mats Zuccarello is hit by Ryan Johansen and loses puck.
5:21 of 1st period - Wrist shot by Adam Henrique.
5:21 of 1st period - Stopped by Cal Petersen with a rebound.
6:58 of 1st period - Marco Scandella is hit by Oliver Ekman-Larsson and loses puck.
7:21 of 1st period - Josh Bailey is hit by Oliver Ekman-Larsson.
7:35 of 1st period - Noel Acciari is hit by Kyle Okposo and loses puck.
7:44 of 1st period - Wrist shot by Nathan MacKinnon.
7:44 of 1st period - Stopped by Jacob Markstrom without a rebound.
7:45 of 1st period - Derek Stepan wins face-off versus Anze Kopitar in Jets zone.
8:12 of 1st period - Anze Kopitar is hit by Victor Hedman and loses puck.
8:19 of 1st period - Miro Aaltonen is hit by Colton Parayko and loses puck.
8:42 of 1st period - Wrist shot by David Pastrnak.
8:42 of 1st period - Shot Hit the Post.
8:44 of 1st period - Slapshot by Drew Fata.
8:44 of 1st period - Shot Blocked by Erik Haula.
8:46 of 1st period - Slapshot by Oliver Ekman-Larsson.
8:46 of 1st period - Shot Blocked by Victor Hedman.
8:48 of 1st period - Wrist shot by Anze Kopitar.
8:48 of 1st period - Shot Misses the Net.
8:50 of 1st period - Wrist shot by Anze Kopitar.
8:50 of 1st period - Stopped by Jacob Markstrom without a rebound.
8:51 of 1st period - Benoit Pouliot wins face-off versus Derek Stepan in Jets zone.
9:02 of 1st period - Wrist shot by Sean Monahan.
9:02 of 1st period - Shot Blocked by Dougie Hamilton.
9:04 of 1st period - Slapshot by Oliver Ekman-Larsson.
9:04 of 1st period - Stopped by Jacob Markstrom without a rebound.
9:05 of 1st period - Derek Stepan wins face-off versus Nathan MacKinnon in Jets zone.
9:14 of 1st period - Slapshot by Nathan MacKinnon.
9:14 of 1st period - Shot Misses the Net.
9:20 of 1st period - Snap shot by Derek Stepan.
9:20 of 1st period - Stopped by Cal Petersen with a rebound.
9:32 of 1st period - Colton Parayko is hit by Michael Matheson and loses puck.
9:37 of 1st period - Slapshot by Adam Henrique.
9:37 of 1st period - Shot Blocked by Drew Fata.
9:55 of 1st period - Wrist shot by Sean Monahan.
9:55 of 1st period - Stopped by Jacob Markstrom with a rebound.
10:28 of 1st period - Icing by Ronalds Kenins.
10:29 of 1st period - Anze Kopitar wins face-off versus Derek Stepan in Jets zone.
10:58 of 1st period - Slapshot by Derek Stepan.
10:58 of 1st period - Stopped by Cal Petersen without a rebound.
10:59 of 1st period - Nathan MacKinnon wins face-off versus Ryan Johansen in Kings zone.
11:09 of 1st period - Corey Perry is hit by Eric Gryba.
11:25 of 1st period - Erik Haula is hit by Benoit Pouliot and loses puck.
11:30 of 1st period - Snap shot by Benoit Pouliot.
11:30 of 1st period - Stopped by Jacob Markstrom with a rebound.
11:32 of 1st period - Slapshot by Sean Monahan.
11:32 of 1st period - Stopped by Jacob Markstrom without a rebound.
11:33 of 1st period - Derek Stepan wins face-off versus Sean Monahan in Jets zone.
12:28 of 1st period - Slapshot by Seth Jones.
12:28 of 1st period - Stopped by Jacob Markstrom without a rebound.
12:29 of 1st period - Jeff Petry wins face-off versus Derek Stepan in Jets zone.
12:30 of 1st period - Snap shot by Steve Bernier.
12:30 of 1st period - Deflect By Jeff Petry.
12:30 of 1st period - Stopped by Jacob Markstrom without a rebound.
12:31 of 1st period - Sean Monahan wins face-off versus Derek Stepan in Jets zone.
13:31 of 1st period - Wrist shot by Miro Aaltonen.
13:31 of 1st period - Shot Misses the Net.
13:33 of 1st period - Snap shot by Erik Haula.
13:33 of 1st period - Shot Misses the Net.
13:35 of 1st period - Slapshot by Marco Scandella.
13:35 of 1st period - Deflect By Miro Aaltonen.
13:35 of 1st period - Stopped by Cal Petersen with a rebound.
13:37 of 1st period - Wrist shot by Miro Aaltonen.
13:37 of 1st period - Shot Misses the Net.
14:01 of 1st period - Wrist shot by Josh Bailey.
14:01 of 1st period - Shot Blocked by Steve Bernier.
15:02 of 1st period - Wrist shot by Erik Haula.
15:02 of 1st period - Shot Blocked by Eric Gryba.
15:21 of 1st period - Slapshot by Josh Bailey.
15:21 of 1st period - Stopped by Cal Petersen without a rebound.
15:22 of 1st period - Derek Stepan wins face-off versus Sean Monahan in Kings zone.
15:33 of 1st period - Snap shot by Derek Stepan.
15:33 of 1st period - Shot Blocked by Drew Fata.
15:35 of 1st period - Wrist shot by Marcus Johansson.
15:35 of 1st period - Shot Misses the Net.
15:37 of 1st period - Snap shot by Tyler Myers.
15:37 of 1st period - Deflect By Derek Stepan.
15:37 of 1st period - Stopped by Cal Petersen without a rebound.
15:38 of 1st period - Anze Kopitar wins face-off versus Ryan Johansen in Kings zone.
15:44 of 1st period - Off-side.
15:45 of 1st period - Anze Kopitar wins face-off versus Corey Perry in neutral zone.
15:58 of 1st period - Wrist shot by Anze Kopitar.
15:58 of 1st period - Stopped by Jacob Markstrom without a rebound.
15:59 of 1st period - Derek Stepan wins face-off versus Nathan MacKinnon in Jets zone.
15:59 of 1st period - Derek Stepan is hit by Kyle Okposo.
16:02 of 1st period - Icing by Marcus Johansson.
16:03 of 1st period - Nathan MacKinnon wins face-off versus Derek Stepan in Jets zone.
16:32 of 1st period - Wrist shot by Ryan Johansen.
16:32 of 1st period - Stopped by Cal Petersen without a rebound.
16:33 of 1st period - Ryan Johansen wins face-off versus Anze Kopitar in Kings zone.
16:52 of 1st period - Dougie Hamilton is hit by Anze Kopitar and loses puck.
17:01 of 1st period - Snap shot by Adam Henrique.
17:01 of 1st period - Shot Misses the Net.
17:13 of 1st period - Snap shot by Ryan Johansen.
17:13 of 1st period - Stopped by Cal Petersen without a rebound.
17:14 of 1st period - Derek Stepan wins face-off versus Mats Zuccarello in Kings zone.
17:19 of 1st period - Snap shot by Nino Niederreiter.
17:19 of 1st period - Stopped by Cal Petersen with a rebound.
17:25 of 1st period - Wrist shot by Mats Zuccarello.
17:25 of 1st period - Shot Misses the Net.
17:27 of 1st period - Slapshot by Seth Jones.
17:27 of 1st period - Deflect By Derek Stepan.
17:27 of 1st period - Stopped by Jacob Markstrom with a rebound.
17:29 of 1st period - Wrist shot by Mats Zuccarello.
17:29 of 1st period - Stopped by Jacob Markstrom without a rebound.
17:30 of 1st period - Nathan MacKinnon wins face-off versus Miro Aaltonen in Jets zone.
17:37 of 1st period - Wrist shot by Nathan MacKinnon.
17:37 of 1st period - Shot Blocked by Dougie Hamilton.
17:47 of 1st period - Snap shot by Miro Aaltonen.
17:47 of 1st period - Stopped by Cal Petersen without a rebound.
17:48 of 1st period - Sean Monahan wins face-off versus Derek Stepan in Kings zone.
17:53 of 1st period - Marcus Johansson is hit by Benoit Pouliot and loses puck.
18:08 of 1st period - Sean Monahan is hit by Derek Stepan and loses puck.
18:27 of 1st period - Wrist shot by David Pastrnak.
18:27 of 1st period - Shot Blocked by Victor Hedman.
18:41 of 1st period - Minor Penalty to Tyler Myers for Holding.
18:42 of 1st period - Noel Acciari wins face-off versus Anze Kopitar in Jets zone.
18:49 of 1st period - Slapshot by Michael Matheson.
18:49 of 1st period - Shot Misses the Net.
Goals for this period are 0 for Jets vs 0 for Kings.
Shots for this period are 12 for Jets vs 11 for Kings.
2nd period
0:01 of 2nd period - Nathan MacKinnon wins face-off versus Noel Acciari in neutral zone.
0:41 of 2nd period - Penalty to Tyler Myers is over, Tyler Myers is back on ice.
0:59 of 2nd period - Snap shot by Colton Parayko.
0:59 of 2nd period - Stopped by Jacob Markstrom without a rebound.
1:00 of 2nd period - Nathan MacKinnon wins face-off versus Derek Stepan in Jets zone.
1:37 of 2nd period - Slapshot by Ryan Johansen.
1:37 of 2nd period - Stopped by Cal Petersen without a rebound.
1:38 of 2nd period - Miro Aaltonen wins face-off versus Anze Kopitar in Kings zone.
2:31 of 2nd period - Snap shot by Corey Perry.
2:31 of 2nd period - Shot Misses the Net.
2:45 of 2nd period - Minor Penalty to Michael Matheson for Hooking.
2:46 of 2nd period - Nathan MacKinnon wins face-off versus Noel Acciari in Jets zone.
3:05 of 2nd period - Marco Scandella is hit by Kyle Okposo and loses puck.
3:24 of 2nd period - Icing by Seth Jones.
3:25 of 2nd period - Ryan Johansen wins face-off versus Nathan MacKinnon in Kings zone.
3:58 of 2nd period - Snap shot by Anze Kopitar.
3:58 of 2nd period - Shot Misses the Net.
4:04 of 2nd period - Snap shot by Tyler Toffoli.
4:04 of 2nd period - Shot Misses the Net.
4:45 of 2nd period - Penalty to Michael Matheson is over, Michael Matheson is back on ice.
5:13 of 2nd period - Snap shot by Steve Bernier.
5:13 of 2nd period - Deflect By Bokondji Imama.
5:13 of 2nd period - Shot Blocked by Nino Niederreiter.
5:13 of 2nd period - Puck is out of play.
5:14 of 2nd period - Jeff Petry wins face-off versus Miro Aaltonen in Jets zone.
5:15 of 2nd period - Slapshot by Seth Jones.
5:15 of 2nd period - Stopped by Jacob Markstrom without a rebound.
5:16 of 2nd period - Gabriel Landeskog wins face-off versus Miro Aaltonen in Jets zone.
6:33 of 2nd period - Dougie Hamilton is hit by Drew Fata.
7:15 of 2nd period - Snap shot by Nino Niederreiter.
7:15 of 2nd period - Shot Misses the Net.
8:00 of 2nd period - Tyler Myers is hit by Seth Jones and loses puck.
8:07 of 2nd period - Slapshot by Steve Bernier.
8:07 of 2nd period - Stopped by Jacob Markstrom with a rebound.
8:09 of 2nd period - Snap shot by Drew Fata.
8:09 of 2nd period - Stopped by Jacob Markstrom with a rebound.
8:19 of 2nd period - Gabriel Landeskog is hit by Miro Aaltonen.
8:27 of 2nd period - Wrist shot by Nathan MacKinnon.
8:27 of 2nd period - Shot Misses the Net.
8:43 of 2nd period - Snap shot by Marcus Johansson.
8:43 of 2nd period - Shot Misses the Net.
8:45 of 2nd period - Wrist shot by Nino Niederreiter.
8:45 of 2nd period - Stopped by Cal Petersen without a rebound.
8:46 of 2nd period - Derek Stepan wins face-off versus Anze Kopitar in Kings zone.
8:51 of 2nd period - Snap shot by Nino Niederreiter.
8:51 of 2nd period - Shot Blocked by Anze Kopitar.
8:53 of 2nd period - Snap shot by Derek Stepan.
8:53 of 2nd period - Goal by Derek Stepan - Jets : 1 - Kings : 0.
8:54 of 2nd period - Derek Stepan wins face-off versus Anze Kopitar in neutral zone.
8:57 of 2nd period - Wrist shot by Nino Niederreiter.
8:57 of 2nd period - Deflect By Derek Stepan.
8:57 of 2nd period - Shot Misses the Net.
8:57 of 2nd period - Puck is out of play.
8:58 of 2nd period - Anze Kopitar wins face-off versus Derek Stepan in Kings zone.
9:05 of 2nd period - Snap shot by Anze Kopitar.
9:05 of 2nd period - Shot Blocked by Derek Stepan.
9:21 of 2nd period - Minor Penalty to Anze Kopitar for Hooking.
9:22 of 2nd period - Derek Stepan wins face-off versus Benoit Pouliot in Kings zone.
9:49 of 2nd period - Benoit Pouliot is hit by Nino Niederreiter and loses puck.
10:12 of 2nd period - Derek Stepan is hit by Gabriel Landeskog and loses puck.
10:19 of 2nd period - Snap shot by Gabriel Landeskog.
10:19 of 2nd period - Shot Misses the Net.
11:21 of 2nd period - Penalty to Anze Kopitar is over, Anze Kopitar is back on ice.
12:00 of 2nd period - Wrist shot by Ronalds Kenins.
12:00 of 2nd period - Stopped by Cal Petersen without a rebound.
12:01 of 2nd period - Anze Kopitar wins face-off versus Noel Acciari in Kings zone.
12:22 of 2nd period - Benoit Pouliot is hit by Miro Aaltonen and loses puck.
12:33 of 2nd period - Minor Penalty to Miro Aaltonen for Interference.
12:34 of 2nd period - Noel Acciari wins face-off versus Anze Kopitar in Jets zone.
14:08 of 2nd period - Tyler Toffoli is hit by Tyler Myers.
14:33 of 2nd period - Penalty to Miro Aaltonen is over, Miro Aaltonen is back on ice.
15:03 of 2nd period - Robert Hagg is hit by Bokondji Imama and loses puck.
15:25 of 2nd period - Sean Monahan is hit by Noel Acciari and loses puck.
16:00 of 2nd period - Snap shot by Jimmy Vesey.
16:00 of 2nd period - Stopped by Cal Petersen with a rebound.
16:40 of 2nd period - Ronalds Kenins is hit by David Pastrnak and loses puck.
17:24 of 2nd period - Oliver Ekman-Larsson is hit by Tyler Myers and loses puck.
17:33 of 2nd period - Snap shot by Corey Perry.
17:33 of 2nd period - Goal by Corey Perry - Jets : 2 - Kings : 0.
17:34 of 2nd period - David Pastrnak wins face-off versus Derek Stepan in neutral zone.
17:41 of 2nd period - Slapshot by David Pastrnak.
17:41 of 2nd period - Goal by David Pastrnak - Jets : 2 - Kings : 1.
17:42 of 2nd period - Derek Stepan wins face-off versus David Pastrnak in neutral zone.
17:47 of 2nd period - Wrist shot by Derek Stepan.
17:47 of 2nd period - Stopped by Cal Petersen without a rebound.
17:48 of 2nd period - Anze Kopitar wins face-off versus Derek Stepan in Kings zone.
18:03 of 2nd period - Snap shot by Tyler Toffoli.
18:03 of 2nd period - Stopped by Jacob Markstrom without a rebound.
18:04 of 2nd period - Nathan MacKinnon wins face-off versus Ryan Johansen in Jets zone.
18:05 of 2nd period - Snap shot by Seth Jones.
18:05 of 2nd period - Shot Blocked by Ryan Johansen.
18:27 of 2nd period - Double Minor Penalty to Seth Jones for High sticking.
18:28 of 2nd period - Benoit Pouliot wins face-off versus Derek Stepan in Kings zone.
19:02 of 2nd period - Benoit Pouliot is hit by Nino Niederreiter and loses puck.
19:19 of 2nd period - Adam Henrique is hit by Tyler Toffoli and loses puck.
Goals for this period are 2 for Jets vs 1 for Kings.
Shots for this period are 7 for Jets vs 6 for Kings.
3rd period
0:01 of 3rd period - Derek Stepan wins face-off versus Benoit Pouliot in neutral zone.
0:04 of 3rd period - Snap shot by Victor Hedman.
0:04 of 3rd period - Deflect By Derek Stepan.
0:04 of 3rd period - Shot Misses the Net.
0:04 of 3rd period - Puck is out of play.
0:05 of 3rd period - Derek Stepan wins face-off versus Benoit Pouliot in Kings zone.
1:10 of 3rd period - Slapshot by Dougie Hamilton.
1:10 of 3rd period - Stopped by Cal Petersen without a rebound.
1:11 of 3rd period - Ryan Johansen wins face-off versus Benoit Pouliot in Kings zone.
1:57 of 3rd period - Benoit Pouliot is hit by Ryan Johansen and loses puck.
2:27 of 3rd period - Penalty to Seth Jones is over, Seth Jones is back on ice.
2:44 of 3rd period - Nathan MacKinnon is hit by Robert Hagg and loses puck.
3:03 of 3rd period - Anze Kopitar is hit by Ronalds Kenins and loses puck.
3:16 of 3rd period - Victor Hedman is hit by Bokondji Imama.
3:33 of 3rd period - Victor Hedman is hit by Benoit Pouliot and loses puck.
3:51 of 3rd period - Seth Jones is hit by Dougie Hamilton and loses puck.
4:08 of 3rd period - Wrist shot by David Pastrnak.
4:08 of 3rd period - Goal by David Pastrnak - Jets : 2 - Kings : 2.
4:09 of 3rd period - Anze Kopitar wins face-off versus Derek Stepan in neutral zone.
5:03 of 3rd period - Mats Zuccarello is hit by Miro Aaltonen and loses puck.
5:22 of 3rd period - Wrist shot by Ronalds Kenins.
5:22 of 3rd period - Stopped by Cal Petersen with a rebound.
5:39 of 3rd period - Minor Penalty to Tyler Myers for High sticking.
5:40 of 3rd period - Noel Acciari wins face-off versus Anze Kopitar in Jets zone.
6:15 of 3rd period - Slapshot by Seth Jones.
6:15 of 3rd period - Goal by Seth Jones - Jets : 2 - Kings : 3.
6:16 of 3rd period - Anze Kopitar wins face-off versus Derek Stepan in neutral zone.
6:28 of 3rd period - Wrist shot by Marcus Johansson.
6:28 of 3rd period - Stopped by Cal Petersen without a rebound.
6:29 of 3rd period - Anze Kopitar wins face-off versus Derek Stepan in Kings zone.
6:34 of 3rd period - Seth Jones is hit by Marcus Johansson and loses puck.
7:07 of 3rd period - Snap shot by Gabriel Landeskog.
7:07 of 3rd period - Stopped by Jacob Markstrom without a rebound.
7:08 of 3rd period - Derek Stepan wins face-off versus Sean Monahan in Jets zone.
7:15 of 3rd period - Wrist shot by Nino Niederreiter.
7:15 of 3rd period - Stopped by Cal Petersen with a rebound.
7:17 of 3rd period - Snap shot by Marcus Johansson.
7:17 of 3rd period - Stopped by Cal Petersen without a rebound.
7:18 of 3rd period - Sean Monahan wins face-off versus Derek Stepan in Kings zone.
7:35 of 3rd period - Wrist shot by Nino Niederreiter.
7:35 of 3rd period - Shot Blocked by Benoit Pouliot.
7:39 of 3rd period - Wrist shot by Derek Stepan.
7:39 of 3rd period - Goal by Derek Stepan - Jets : 3 - Kings : 3.
7:40 of 3rd period - Anze Kopitar wins face-off versus Derek Stepan in neutral zone.
7:46 of 3rd period - Icing by Nino Niederreiter.
7:47 of 3rd period - Derek Stepan wins face-off versus Anze Kopitar in Jets zone.
7:51 of 3rd period - Icing by Nino Niederreiter.
7:52 of 3rd period - Derek Stepan wins face-off versus Anze Kopitar in Jets zone.
7:52 of 3rd period - Derek Stepan is hit by Tyler Toffoli.
8:28 of 3rd period - Snap shot by Derek Stepan.
8:28 of 3rd period - Shot Misses the Net.
8:48 of 3rd period - Slapshot by Sean Monahan.
8:48 of 3rd period - Shot Blocked by Corey Perry.
8:50 of 3rd period - Slapshot by Drew Fata.
8:50 of 3rd period - Deflect By Benoit Pouliot.
8:50 of 3rd period - Goal by Benoit Pouliot - Jets : 3 - Kings : 4.
8:51 of 3rd period - Anze Kopitar wins face-off versus Ryan Johansen in neutral zone.
8:54 of 3rd period - Anze Kopitar is hit by Dougie Hamilton and loses puck.
8:59 of 3rd period - Snap shot by Adam Henrique.
8:59 of 3rd period - Shot Blocked by Colton Parayko.
9:07 of 3rd period - Snap shot by Adam Henrique.
9:07 of 3rd period - Shot Misses the Net.
9:17 of 3rd period - Marcus Johansson is hit by Nathan MacKinnon and loses puck.
9:25 of 3rd period - Off-side.
9:26 of 3rd period - Sean Monahan wins face-off versus Ryan Johansen in neutral zone.
9:33 of 3rd period - Snap shot by Benoit Pouliot.
9:33 of 3rd period - Shot Misses the Net.
9:35 of 3rd period - Slapshot by Seth Jones.
9:35 of 3rd period - Shot Blocked by Adam Henrique.
9:37 of 3rd period - Slapshot by Benoit Pouliot.
9:37 of 3rd period - Shot Misses the Net.
9:41 of 3rd period - Wrist shot by Sean Monahan.
9:41 of 3rd period - Deflect By Benoit Pouliot.
9:41 of 3rd period - Stopped by Jacob Markstrom without a rebound.
9:42 of 3rd period - David Pastrnak wins face-off versus Marcus Johansson in Jets zone.
10:03 of 3rd period - Marcus Johansson is hit by Drew Fata and loses puck.
10:22 of 3rd period - Snap shot by Corey Perry.
10:22 of 3rd period - Stopped by Cal Petersen without a rebound.
10:23 of 3rd period - Ryan Johansen wins face-off versus Sean Monahan in Kings zone.
10:24 of 3rd period - Snap shot by Adam Henrique.
10:24 of 3rd period - Shot Blocked by Seth Jones.
10:26 of 3rd period - Snap shot by Corey Perry.
10:26 of 3rd period - Stopped by Cal Petersen without a rebound.
10:27 of 3rd period - Ryan Johansen wins face-off versus Sean Monahan in Kings zone.
11:02 of 3rd period - Snap shot by Anze Kopitar.
11:02 of 3rd period - Stopped by Jacob Markstrom without a rebound.
11:03 of 3rd period - Anze Kopitar wins face-off versus Miro Aaltonen in Jets zone.
11:30 of 3rd period - Marco Scandella is hit by Drew Fata and loses puck.
11:36 of 3rd period - Icing by Derek Stepan.
11:37 of 3rd period - Nathan MacKinnon wins face-off versus Derek Stepan in Jets zone.
12:09 of 3rd period - Snap shot by Adam Henrique.
12:09 of 3rd period - Deflect By Ryan Johansen.
12:09 of 3rd period - Stopped by Cal Petersen without a rebound.
12:10 of 3rd period - Anze Kopitar wins face-off versus Ryan Johansen in Kings zone.
12:19 of 3rd period - David Pastrnak is hit by Tyler Myers and loses puck.
13:05 of 3rd period - Slapshot by Colton Parayko.
13:05 of 3rd period - Stopped by Jacob Markstrom with a rebound.
13:07 of 3rd period - Snap shot by Tyler Toffoli.
13:07 of 3rd period - Deflect By Dougie Hamilton.
13:07 of 3rd period - Stopped by Jacob Markstrom without a rebound.
13:08 of 3rd period - Derek Stepan wins face-off versus Sean Monahan in Jets zone.
13:58 of 3rd period - Snap shot by Noel Acciari.
13:58 of 3rd period - Stopped by Cal Petersen without a rebound.
13:59 of 3rd period - Jeff Petry wins face-off versus Noel Acciari in Kings zone.
14:12 of 3rd period - Jeff Petry is hit by Noel Acciari and loses puck.
14:25 of 3rd period - Slapshot by Eric Gryba.
14:25 of 3rd period - Stopped by Jacob Markstrom without a rebound.
14:26 of 3rd period - Sean Monahan wins face-off versus Derek Stepan in Jets zone.
14:58 of 3rd period - Snap shot by Miro Aaltonen.
14:58 of 3rd period - Stopped by Cal Petersen without a rebound.
14:59 of 3rd period - Nathan MacKinnon wins face-off versus Miro Aaltonen in Kings zone.
16:31 of 3rd period - Snap shot by Miro Aaltonen.
16:31 of 3rd period - Stopped by Cal Petersen without a rebound.
16:32 of 3rd period - Marcus Johansson wins face-off versus Sean Monahan in Kings zone.
17:30 of 3rd period - Drew Fata is hit by Noel Acciari and loses puck.
17:59 of 3rd period - Adam Henrique is hit by Mats Zuccarello and loses puck.
18:06 of 3rd period - Snap shot by Sean Monahan.
18:06 of 3rd period - Stopped by Jacob Markstrom without a rebound.
18:07 of 3rd period - Sean Monahan wins face-off versus Derek Stepan in Jets zone.
18:34 of 3rd period - Seth Jones is hit by Corey Perry and loses puck.
18:47 of 3rd period - Jets, Jacob Markstrom is pulled from the net.
18:56 of 3rd period - Off-side.
18:57 of 3rd period - Ted Nolan call a timeout for Jets.
18:57 of 3rd period - Ryan Johansen wins face-off versus Anze Kopitar in neutral zone.
19:00 of 3rd period - Mats Zuccarello is hit by Victor Hedman and loses puck.
19:11 of 3rd period - Snap shot by Gabriel Landeskog.
19:11 of 3rd period - Shot Misses the Net.
19:13 of 3rd period - Wrist shot by Oliver Ekman-Larsson.
19:13 of 3rd period - Shot Blocked by Victor Hedman.
19:31 of 3rd period - Slapshot by Anze Kopitar.
19:31 of 3rd period - Goal by Anze Kopitar - Jets : 3 - Kings : 5.
19:31 of 3rd period - Jacob Markstrom from Jets was sent back in the game.
19:32 of 3rd period - Miro Aaltonen wins face-off versus Sean Monahan in neutral zone.
19:54 of 3rd period - Minor Penalty to Erik Haula for Hooking.
19:55 of 3rd period - Noel Acciari wins face-off versus Anze Kopitar in Jets zone.
Goals for this period are 1 for Jets vs 4 for Kings.
Shots for this period are 12 for Jets vs 11 for Kings.